cohdb
Replays
Latest Replays
All Replays
Popular Replays
Top Player Replays
Match Explorer
How It Works
Community
CoH3 Stats
Reddit
Sign in to upload your games and track your stats! →
Sign in with Steam
Match 45346667
Unlisted
Match 45346667
Overview
Messages
Build Orders
End
250 Light Carrier
Panzerpioneer Squad
250 Light Carrier
Construct Light Support Kompanie
MG34 Team
Combat Half-tracks
Fire Support Elements
Panzerjäger Squad
Assault Mechanized Group
2.5-tonne Medical Truck
Construct Mechanized Kompanie
Selects Panzerjäger Kommand Battlegroup
Selects Tank Busters
Selects Blockade Equipment
Selects Crew Shock Tactics
Flakvierling Half-track
254 Reconnaissance Tractor
Veteran Squad Leaders
Construct Panzerarmee Kommand
Crew Shock Tactics
Selects Defensive Positions
Walking Stuka Rocket Launcher
Vehicle Survival Package
Walking Stuka Rocket Launcher
Selects Anti-tank Overwatch
Anti-tank Overwatch
哦嗦嘎达
Hammerdon
vins88
新年辞旧喜洋洋
MuspellheimR
NotQuiteAKing
Commander Z
Gandhi
0
0
Comments
sign in to comment!
No comments posted yet!